 Dungeon Crawl Stone Soup version 0.25-a0-860-gf695395 (webtiles) character file.

Game seed: 6907845930117990680, levelgen mode: deterministic

9123 robertstho the Grappler (level 11, -12/156 HPs)
             Began as a Troll Berserker on Apr 28, 2020.
             Was an Elder of Trog.
             Mangled by a bone dragon (27 damage)
             ... on level 1 of the Abyss.
             The game lasted 00:12:58 (8070 turns).

robertstho the Grappler (Troll Berserker)           Turns: 8070, Time: 00:12:58

Health: -12/156    AC:  8    Str: 34    XL:     11   Next: 18%
Magic:  10/10      EV: 13    Int:  5    God:    Trog [****..]
Gold:   503        SH:  0    Dex:  9    Spells: 10/10 levels left

rFire    + . .     SeeInvis +     - Unarmed
rCold    + . .     Gourm    +   (no shield)
rNeg     . . .     Faith    .   a - +0 animal skin
rPois    +         Spirit   .   (helmet restricted)
rElec    +         Reflect  .   E - +1 cloak
rCorr    +         Harm     .   (gloves unavailable)
MR       .....                  (boots unavailable)
Stlth    ..........             (no amulet)
HPRegen  0.76/turn              l - +6 ring of strength
MPRegen  0.12/turn              r - ring of see invisible

@: berserking, about to teleport, resistant, very quick
A: large, unfitting armour, claws 3, fast metabolism 3, gourmand, regeneration
1, shaggy fur 1, tough skin 3
a: Berserk, Trog's Hand, Brothers in Arms, Renounce Religion


You were on level 1 of the Abyss.
You worshipped Trog.
Trog was greatly pleased with you.
You were full.

You visited 1 branch of the dungeon, and saw 10 of its levels.
You visited the Abyss 1 time.

You collected 548 gold pieces.
You spent 45 gold pieces at shops.

Inventory:

Armour
 a - a +0 animal skin (worn)
 E - a +1 cloak (worn)
Jewellery
 l - a +6 ring of strength (left claw)
 n - a +2 ring of intelligence
 r - a ring of see invisible (right claw)
Wands
 c - a wand of flame (15)
 g - a wand of iceblast (24)
 u - a wand of paralysis (8)
Scrolls
 d - a scroll of fog {unknown}
 e - 3 scrolls of immolation {unknown}
 h - 3 scrolls of enchant armour {unknown}
 i - 8 scrolls of remove curse {unknown}
 k - 3 scrolls of noise {unknown}
 w - a scroll of teleportation
 x - 2 scrolls of amnesia
Potions
 f - a potion of berserk rage
 j - 2 potions of haste
 m - 2 potions of curing
 o - a potion of flight {unknown}
 s - a potion of ambrosia {unknown}
 t - 2 potions of lignification
 v - 3 potions of mutation
 z - 2 potions of stabbing
 B - a potion of cancellation
 F - a potion of magic
Comestibles
 b - 17 rations


   Skills:
 * Level 5.5 Fighting
 * Level 7.4 Dodging
 + Level 2.0 Stealth
 * Level 13.6 Unarmed Combat


You had 10 spell levels left.
You didn't know any spells.
Your spell library was empty.

Dungeon Overview and Level Annotations

Branches:
Dungeon (10/15)            Temple (0/1) D:4            Lair (0/6) D:9
    Orc: D:9-12

Altars:
Dithmenos
Fedhas
Hepliaklqana
Nemelex Xobeh
Ru
Sif Muna
Vehumet
Wu Jian
Zin

Shops:
D:4 %   D:8 *

Annotations:
D:8 Jessica


Innate Abilities, Weirdness & Mutations

You are too large for most types of armour.
You have claws for hands.
Your metabolism is lightning-fast.
You like to eat raw meat.
Your natural rate of healing is unusually fast.
You are covered in fur. (AC +1)
You have extremely tough skin. (AC +3)


Message History

The bone dragon is heavily damaged.
You barely miss the bone dragon.
The bone dragon is heavily damaged.
You mangle the bone dragon!!
The bone dragon is heavily damaged.
The bone dragon bites you.
* * * LOW HITPOINT WARNING * * *
The bone dragon claws you!
* * * LOW HITPOINT WARNING * * *
The bone dragon tramples you!
* * * LOW HITPOINT WARNING * * *
You hold your ground!
A tentacle flies out from the starspawn's body!
A starspawn tentacle comes into view.
You scratch the bone dragon.
The bone dragon is heavily damaged.
You eviscerate the bone dragon!!!
The bone dragon is almost destroyed.
The bone dragon bites you!!
You die...

# . . .# .# ...#
#.. ####.
.##...## # .. #.
.##. .###.#.
#..... ....##
...# D
..#......####.
X.# . #.....
#.#..# #..w##. .
... #.
###X..#...#
..###.
#@D#......###.##
###.#....#.. .#
. #####.#. ##.
##. ##. # ยง . #
# # # #


You could see a bone dragon, a tentacled starspawn and a starspawn tentacle.

Vanquished Creatures
  A two-headed ogre (D:9)
  Pikel (D:6)
  Maurice (D:8)
  2 trolls
  A hornet (D:9)
  Prince Ribbit (D:8)
  2 hippogriffs
  10 yaks
  Sigmund (D:3)
  2 water moccasins (D:6)
  3 porcupines (D:9)
  Duvessa (D:4)
  A sky beast (D:9)
  2 black bears
  5 orc warriors
  A slave (D:6)
  2 ice beasts (D:5)
  7 ogres
  A centaur (D:9)
  4 crocodiles (D:9)
  4 bullfrogs
  2 big kobolds
  A wyvern zombie (D:6)
  Dowan (D:4)
  4 scorpions
  7 howler monkeys
  3 wights (D:6)
  A bullfrog zombie (D:4)
  4 crimson imps
  A jelly (D:5)
  6 orc wizards
  A gnoll shaman (D:5)
  A centaur skeleton (D:9)
  3 hounds
  An iguana (D:9)
  5 orc priests
  6 worker ants
  A killer bee zombie (D:6)
  3 hound skeletons
  4 gnolls (D:5)
  2 howler monkey skeletons
  12 adders
  4 shadow imps
  An ooze (D:1)
  An adder skeleton (D:4)
  An adder zombie (D:8)
  2 worms
  A dart slug (D:1)
  4 leopard geckos
  25 orcs
  2 giant cockroaches
  11 goblins
  4 hobgoblins
  5 jackals
  4 quokkas
  8 bats
  3 frilled lizards
  16 kobolds
  A leopard gecko skeleton (D:6)
  A quokka skeleton (D:7)
  A quokka zombie (D:7)
  11 rats
228 creatures vanquished.

Vanquished Creatures (collateral kills)
  A raiju (Abyss:1)
  A neqoxec (Abyss:1)
2 creatures vanquished.

Vanquished Creatures (others)
  2 starspawn tentacles (Abyss:1)
2 creatures vanquished.

Grand Total: 232 creatures vanquished

Notes
Turn   | Place    | Note
-------+----------+-------------------------------------------
     0 | D:1      | robertstho the Troll Berserker began the quest for the Orb.
     0 | D:1      | Reached XP level 1. HP: 22/22 MP: 0/0
   154 | D:1      | Reached XP level 2. HP: 28/29 MP: 1/1
   750 | D:1      | Reached ** piety under Trog
   754 | D:1      | Reached XP level 3. HP: 36/36 MP: 2/2
  1152 | D:2      | Reached skill level 4 in Unarmed Combat
  1152 | D:2      | Reached XP level 4. HP: 40/44 MP: 3/3
  1646 | D:2      | Found a blossoming altar of Fedhas.
  1700 | D:3      | Found a sparkling altar of Nemelex Xobeh.
  1732 | D:3      | Noticed Sigmund
  1741 | D:3      | Killed Sigmund
  1741 | D:3      | Reached skill level 5 in Unarmed Combat
  1741 | D:3      | Reached XP level 5. HP: 44/53 MP: 4/4
  2013 | D:3      | Found a shadowy altar of Dithmenos.
  2202 | D:4      | Reached XP level 6. HP: 59/61 MP: 5/5
  2221 | D:4      | Found a staircase to the Ecumenical Temple.
  2262 | D:4      | Found Dixzak's Food Shoppe.
  2278 | D:4      | Reached skill level 6 in Unarmed Combat
  2295 | D:4      | Noticed Duvessa
  2296 | D:4      | Noticed Dowan
  2306 | D:4      | Killed Duvessa
  2306 | D:4      | Reached XP level 7. HP: 67/67 MP: 6/6
  2311 | D:4      | Killed Dowan
  2958 | D:4      | Reached *** piety under Trog
  3181 | D:5      | Entered Level 5 of the Dungeon
  3214 | D:5      | Reached skill level 7 in Unarmed Combat
  3463 | D:5      | Reached XP level 8. HP: 65/76 MP: 7/7
  3540 | D:5      | Reached skill level 8 in Unarmed Combat
  3808 | D:5      | Found a sacrificial altar of Ru.
  3808 | D:5      | Found a glowing silver altar of Zin.
  3813 | D:5      | Found a faded altar of an unknown god.
  3815 | D:5      | Found an ornate altar of the Wu Jian Council.
  3816 | D:5      | Found a faded altar of an unknown god.
  4378 | D:6      | Reached skill level 5 in Dodging
  4387 | D:6      | Reached skill level 9 in Unarmed Combat
  4502 | D:6      | Reached skill level 1 in Stealth
  4505 | D:6      | Reached XP level 9. HP: 60/84 MP: 8/8
  4768 | D:6      | Reached skill level 10 in Unarmed Combat
  4907 | D:6      | Noticed Pikel
  4922 | D:6      | Killed Pikel
  5175 | D:6      | Found a hazy altar of Hepliaklqana.
  5249 | D:7      | Reached **** piety under Trog
  5267 | D:7      | Reached skill level 11 in Unarmed Combat
  6059 | D:8      | Noticed Prince Ribbit
  6192 | D:8      | Reached XP level 10. HP: 94/94 MP: 9/9
  6214 | D:8      | Killed Prince Ribbit
  6262 | D:8      | Noticed Jessica
  6270 | D:8      | Found a shimmering blue altar of Sif Muna.
  6319 | D:8      | Reached skill level 5 in Fighting
  6332 | D:8      | Reached skill level 12 in Unarmed Combat
  6336 | D:8      | Noticed Maurice
  6425 | D:8      | Killed Maurice
  6621 | D:8      | Found a radiant altar of Vehumet.
  6825 | D:8      | Found Refraam's General Store.
  6836 | D:8      | Bought a scroll of teleportation for 45 gold pieces
  7186 | D:9      | Noticed a two-headed ogre
  7192 | D:9      | Killed a two-headed ogre
  7192 | D:9      | Reached skill level 13 in Unarmed Combat
  7484 | D:9      | Reached XP level 11. HP: 29/104 MP: 10/10
  7597 | D:9      | Found a staircase to the Lair.
  7600 | D:9      | Reached ***** piety under Trog
  7941 | D:10     | Entered Level 10 of the Dungeon
  7952 | D:10     | Cast into level 1 of the Abyss (kobold)
  8022 | Abyss:1  | Noticed a bone dragon
  8030 | Abyss:1  | HP: 5/104 [bone dragon (5)]
  8053 | Abyss:1  | Noticed a tentacled starspawn
  8070 | Abyss:1  | Mangled by a bone dragon

Levels and vault maps discovered:
D:1:      minmay_arrival_wavy_path, layout_basic, kennysheep_another_room,
          serial_bayou_pond_b, minmay_ruptured
D:2:      layout_basic, fedhas_altar_2
D:3:      layout_rooms, grunt_dithmenos_smoke_and_mirrors,
          nemelex_xobeh_ov_fountains_minmay, uniq_sigmund
D:4:      layout_layer_cave, minmay_temple_entry_slanted, serial_shops,
          nicolae_shop_crystal, first_ration, minmay_misc_feat_four_crosses,
          minivault_19, st_stairs_10, uniq_duvessa
D:5:      layout_gridville, chequers_temple_overflow_minitemple
D:6:      minmay_chambers_of_threes, layout_gridville, kennysheep_mini_moat,
          uniq_pikel
D:7:      layout_loops_ring, chequers_serial_rivers_micro_a
D:8:      layout_loops_cross, tgw_sif, vehumet_crystals, serial_shops, shop,
          uniq_maurice, uniq_prince_ribbit1
D:9:      layout_roguey, minmay_lair_entry_grove
D:10:     layout_loops_ring, chequers_serial_rivers_small_3
Abyss:1:  base: D:5, base:
D:7

Skill      XL: |  1  2  3  4  5  6  7  8  9 10 |
---------------+-------------------------------+-----
Dodging        | 3 4 5 6 7 |  7.4
Unarmed Combat | 4 5 6 7 9 11 13 | 13.6
Fighting       | 3 4 5 |  5.5
Stealth        | 1 2 |  2.0

Action                   |  1- 3 |  4- 6 |  7- 9 | 10-12 || total
-------------------------+-------+-------+-------+-------++-------
Melee: Unarmed           |   117 |    77 |   302 |   200 ||   696
       Punch             |     1 |     1 |    11 |    15 ||    28
Invok: Berserk           |       |     1 |     4 |     2 ||     7
       Trog's Hand       |       |       |     1 |     2 ||     3
       Brothers in Arms  |       |       |       |     2 ||     2
  Use: Scroll            |       |       |     2 |    12 ||    14
       Potion            |       |       |     2 |     2 ||     4
 Stab: Sleeping          |       |       |     2 |     1 ||     3
       Distracted        |       |       |     1 |       ||     1
  Eat: Chunk             |    16 |    11 |    40 |    18 ||    85
Armor: Animal skin       |    52 |    21 |    52 |    35 ||   160
Dodge: Dodged            |    60 |    30 |   168 |    91 ||   349

Table legend:
 A = Non-vault XP
 B = Vault XP
 C = Vault XP percentage of total XP
 D = Non-vault monster count
 E = Vault monster count
 F = Vault count percentage of total count
                 A         B        C        D         E       F
            +---------+---------+-------+---------+---------+-------
      Total |    8468 |    4566 |  35.0 |     193 |      36 |  15.7
            +---------+---------+-------+---------+---------+-------
        D:1 |      42 |       7 |  14.3 |      24 |       5 |  17.2
        D:2 |      52 |       0 |   0.0 |      16 |       0 |   0.0
        D:3 |      27 |     212 |  88.7 |      16 |       1 |   5.9
        D:4 |     374 |     225 |  37.6 |      12 |       3 |  20.0
        D:5 |     755 |       0 |   0.0 |      21 |       0 |   0.0
        D:6 |    1008 |    1599 |  61.3 |      22 |      12 |  35.3
        D:7 |     931 |       0 |   0.0 |      23 |       0 |   0.0
        D:8 |    2434 |     709 |  22.6 |      22 |       2 |   8.3
        D:9 |    2529 |    1814 |  41.8 |      31 |      13 |  29.5
       D:10 |     105 |       0 |   0.0 |       4 |       0 |   0.0
    Abyss:1 |     211 |       0 |   0.0 |       2 |       0 |   0.0
            +---------+---------+-------+---------+---------+-------
